[ AOE2 MATCH · #507363413 ]
UnrankedKhmer vs Armenians
[ REPLAY ANALYSIS · EXTRACTED FROM THE RECORDED GAME ]
Feudal
11:04
Castle
15:24
Imperial
—
| APM avg | 42.8 |
| APM peak | 84 |
| eAPM avg | 13.4 |
| Villagers / military | 32 / 0 |
Focus
⚔️ 20.2% · 🌾 79.8%
Feudal
9:41
Castle
—
Imperial
—
| APM avg | 39.4 |
| APM peak | 66 |
| eAPM avg | 15.9 |
| Villagers / military | 33 / 11 |
Focus
⚔️ 34.2% · 🌾 65.8%
Militia ×11
Feudal
11:16
Castle
14:48
Imperial
—
| APM avg | 35.9 |
| APM peak | 68 |
| eAPM avg | 14.5 |
| Villagers / military | 31 / 0 |
Focus
⚔️ 17.8% · 🌾 82.2%
Feudal
9:10
Castle
—
Imperial
—
| APM avg | 61.8 |
| APM peak | 104 |
| eAPM avg | 33.4 |
| Villagers / military | 30 / 17 |
Focus
⚔️ 44.0% · 🌾 56.0%
Archer ×14 · Battering Ram ×3
Match map
Initial resources + every placement click. Lines = walls · curves = elevation contours. ◆ gold · ⬟ stone · ● berries · ✦ relic · ◌ wall gap
Your base· ✓ Closed at 15:24 · 0t walls · 2 gate(s)
☘[4:20]☘Rolando Mota dl Kmpo's base· ✓ Closed at 12:00 · 0t walls · 2 gate(s)
Cicdolfin's base· ✓ Closed at 14:48 · 0t walls · 2 gate(s)
☘ [4:20] ☘ Raperzinho11's base· ✓ Closed at 12:00 · 0t walls · 2 gate(s)
Smoothed initial terrain · ◌ = detected wall gap · hover for details
Inputs per minute
— Starrk - - ☘[4:20]☘Rolando Mota dl Kmpo
Build order — Starrk
47 actions detected in the replay
| 0:01 | Queue | Villager (Male) ×4 |
| 0:01 | Queue | Villager (Male) ×4 |
| 0:03 | Build | House |
| 0:04 | Build | House |
| 1:39 | Queue | Villager (Male) |
| 2:03 | Queue | Villager (Male) |
| 2:14 | Queue | Villager (Male) |
| 2:50 | Queue | Villager (Male) |
| 2:53 | Build | Lumber Camp |
| 3:07 | Build | House |
| 3:21 | Queue | Villager (Male) |
| 3:21 | Queue | Villager (Male) |
| 3:23 | Build | House |
| 3:24 | Build | House |
| 3:37 | Queue | Villager (Male) |
| 3:38 | Queue | Villager (Male) |
| 4:14 | Queue | Villager (Male) |
| 4:14 | Queue | Villager (Male) |
| 4:30 | Queue | Villager (Male) |
| 4:30 | Queue | Villager (Male) |
| 5:30 | Build | Mill |
| 5:34 | Queue | Villager (Male) ×4 |
| 6:55 | Queue | Villager (Male) |
| 6:55 | Queue | Villager (Male) |
| 7:26 | Queue | Villager (Male) |
| 7:26 | Queue | Villager (Male) |
| 7:45 | Build | Mining Camp |
| 8:27 | Build | Farm |
| 8:28 | Build | Farm |
| 8:39 | Build | Mining Camp |
| 8:46 | Research | Feudal Age |
| 10:52 | Queue | Villager (Male) |
| 10:53 | Queue | Villager (Male) |
| 10:54 | Queue | Villager (Male) |
| 11:04 | Age | Feudal Age |
| 11:16 | Research | Loom |
| 12:30 | Research | Castle Age |
| 13:59 | Build | House |
| 14:01 | Build | House |
| 14:29 | Research | Horse Collar |
| 14:30 | Research | Double-Bit Axe |
| 14:33 | Build | Farm |
| 14:34 | Build | Farm |
| 14:34 | Build | Farm |
| 14:35 | Build | Farm |
| 15:24 | Age | Castle Age |
| 15:24 | Queue | Villager (Male) |
Build order — ☘[4:20]☘Rolando Mota dl Kmpo
77 actions detected in the replay
| 0:01 | Queue | Villager (Male) |
| 0:02 | Queue | Villager (Male) |
| 0:04 | Build | House |
| 0:06 | Build | House |
| 0:32 | Queue | Villager (Male) |
| 0:32 | Queue | Villager (Male) |
| 1:15 | Queue | Villager (Male) |
| 1:52 | Build | Mule Cart |
| 2:03 | Queue | Villager (Male) |
| 2:03 | Queue | Villager (Male) |
| 2:34 | Queue | Villager (Male) |
| 2:34 | Queue | Villager (Male) |
| 3:05 | Queue | Villager (Male) |
| 3:05 | Queue | Villager (Male) |
| 3:05 | Queue | Villager (Male) |
| 3:44 | Queue | Villager (Male) |
| 3:44 | Queue | Villager (Male) |
| 4:13 | Build | House |
| 4:28 | Queue | Villager (Male) |
| 4:28 | Queue | Villager (Male) |
| 4:57 | Queue | Villager (Male) |
| 5:40 | Queue | Villager (Male) |
| 5:40 | Queue | Villager (Male) |
| 6:19 | Research | Loom |
| 6:25 | Build | Mill |
| 6:34 | Research | Loom |
| 6:35 | Queue | Villager (Male) |
| 7:31 | Research | Feudal Age |
| 7:31 | Research | Feudal Age |
| 8:13 | Build | Barracks |
| 9:15 | Build | House |
| 9:34 | Queue | Militia |
| 9:34 | Queue | Militia |
| 9:35 | Build | House |
| 9:41 | Age | Feudal Age |
| 9:46 | Queue | Villager (Male) |
| 9:49 | Research | Double-Bit Axe |
| 10:00 | Build | Farm |
| 10:02 | Research | Horse Collar |
| 10:13 | Build | House |
| 10:18 | Queue | Villager (Male) |
| 10:21 | Build | Farm |
| 10:23 | Build | Farm |
| 10:41 | Queue | Militia |
| 10:42 | Queue | Militia |
| 10:52 | Queue | Villager (Male) |
| 11:07 | Build | Farm |
| 11:16 | Queue | Militia |
| 11:29 | Build | Farm |
| 11:33 | Queue | Villager (Male) |
| 12:01 | Build | Farm |
| 12:05 | Queue | Villager (Male) |
| 12:10 | Queue | Militia |
| 12:32 | Queue | Villager (Male) |
| 12:34 | Queue | Militia |
| 12:42 | Build | House |
| 12:45 | Build | House |
| 12:48 | Build | Farm |
| 13:05 | Queue | Villager (Male) |
| 13:07 | Build | Farm |
| 13:10 | Queue | Villager (Male) |
| 13:15 | Queue | Militia |
| 13:15 | Queue | Militia |
| 13:31 | Research | Man-at-Arms (upgrade) |
| 13:45 | Queue | Villager (Male) |
| 13:48 | Build | Farm |
| 14:10 | Build | Farm |
| 14:11 | Queue | Villager (Male) |
| 14:13 | Queue | Militia |
| 14:30 | Queue | Militia |
| 14:38 | Build | House |
| 14:39 | Build | House |
| 14:42 | Queue | Villager (Male) |
| 15:27 | Queue | Villager (Male) |
| 15:29 | Build | Farm |
| 15:30 | Queue | Villager (Male) |
| 15:46 | Build | Farm |
Build order — Cicdolfin
55 actions detected in the replay
| 0:00 | Queue | Villager (Male) |
| 0:01 | Queue | Villager (Male) |
| 0:02 | Build | House |
| 0:03 | Build | House |
| 0:16 | Queue | Villager (Male) |
| 0:17 | Queue | Villager (Male) |
| 0:17 | Queue | Villager (Male) |
| 1:11 | Queue | Villager (Male) |
| 1:11 | Queue | Villager (Male) |
| 1:40 | Queue | Villager (Male) |
| 1:40 | Queue | Villager (Male) |
| 1:54 | Build | Lumber Camp |
| 2:05 | Queue | Villager (Male) |
| 2:05 | Queue | Villager (Male) |
| 2:18 | Queue | Villager (Male) |
| 2:18 | Queue | Villager (Male) |
| 3:19 | Queue | Villager (Male) |
| 3:19 | Queue | Villager (Male) |
| 3:41 | Queue | Villager (Male) |
| 3:41 | Queue | Villager (Male) |
| 3:56 | Build | House |
| 4:21 | Queue | Villager (Male) |
| 4:40 | Queue | Villager (Male) |
| 4:50 | Queue | Villager (Male) |
| 5:02 | Queue | Villager (Male) |
| 5:03 | Queue | Villager (Male) |
| 6:03 | Queue | Villager (Male) |
| 6:07 | Build | House |
| 6:30 | Build | Mill |
| 7:21 | Queue | Villager (Male) |
| 7:22 | Queue | Villager (Male) |
| 7:46 | Queue | Villager (Male) |
| 8:06 | Queue | Villager (Male) |
| 8:24 | Build | Mining Camp |
| 8:27 | Build | Farm |
| 8:29 | Build | Farm |
| 8:50 | Build | Barracks |
| 9:06 | Research | Feudal Age |
| 9:39 | Build | House |
| 9:48 | Queue | Villager (Male) |
| 9:49 | Queue | Villager (Male) |
| 11:16 | Age | Feudal Age |
| 11:17 | Build | Stable |
| 11:23 | Build | Blacksmith |
| 12:08 | Research | Castle Age |
| 12:19 | Build | Farm |
| 12:21 | Build | Farm |
| 12:23 | Build | Farm |
| 12:43 | Research | Loom |
| 13:27 | Build | House |
| 13:56 | Build | House |
| 14:48 | Age | Castle Age |
| 14:57 | Queue | Villager (Male) |
| 15:01 | Build | Siege Workshop |
| 15:08 | Queue | Villager (Male) |
Build order — ☘ [4:20] ☘ Raperzinho11
63 actions detected in the replay
| 0:02 | Queue | Villager (Male) |
| 0:03 | Queue | Villager (Male) |
| 0:03 | Queue | Villager (Male) |
| 0:03 | Queue | Villager (Male) |
| 0:03 | Queue | Villager (Male) |
| 0:05 | Build | House |
| 0:07 | Build | House |
| 1:18 | Queue | Villager (Male) |
| 1:18 | Queue | Villager (Male) |
| 1:53 | Queue | Villager (Male) |
| 1:53 | Queue | Villager (Male) |
| 2:12 | Queue | Villager (Male) |
| 2:12 | Queue | Villager (Male) |
| 2:38 | Queue | Villager (Male) |
| 2:38 | Queue | Villager (Male) |
| 2:43 | Build | Lumber Camp |
| 3:04 | Build | House |
| 3:05 | Build | House |
| 3:17 | Queue | Villager (Male) |
| 3:17 | Queue | Villager (Male) |
| 3:49 | Queue | Villager (Male) |
| 3:50 | Queue | Villager (Male) |
| 4:02 | Queue | Villager (Male) |
| 4:03 | Queue | Villager (Male) |
| 4:27 | Queue | Villager (Male) |
| 4:27 | Queue | Villager (Male) |
| 4:58 | Queue | Villager (Male) |
| 4:59 | Queue | Villager (Male) |
| 4:59 | Queue | Villager (Male) |
| 5:33 | Research | Loom |
| 6:17 | Build | Barracks |
| 7:00 | Research | Feudal Age |
| 8:09 | Build | Mining Camp |
| 8:54 | Queue | Villager (Male) |
| 9:10 | Age | Feudal Age |
| 9:16 | Build | Archery Range |
| 9:21 | Build | Blacksmith |
| 10:02 | Research | Fletching |
| 10:17 | Queue | Villager (Male) |
| 10:37 | Build | Siege Workshop |
| 10:52 | Queue | Archer |
| 11:02 | Build | House |
| 11:25 | Queue | Battering Ram |
| 11:51 | Queue | Archer |
| 11:54 | Queue | Villager (Male) |
| 12:26 | Queue | Battering Ram |
| 12:57 | Queue | Archer |
| 13:07 | Queue | Battering Ram |
| 13:18 | Queue | Archer |
| 13:18 | Queue | Archer |
| 13:18 | Queue | Archer |
| 13:19 | Queue | Archer |
| 13:19 | Queue | Archer |
| 13:39 | Queue | Villager (Male) |
| 13:39 | Queue | Villager (Male) |
| 13:46 | Build | House |
| 14:15 | Queue | Villager (Male) |
| 14:18 | Queue | Archer |
| 14:19 | Queue | Archer |
| 14:19 | Queue | Archer |
| 14:19 | Queue | Archer |
| 15:44 | Queue | Archer |
| 15:45 | Queue | Archer |
Match timeline
| 6:17 | ☘ [4:20] ☘ Raperzinho11 · first_building Barracks |
| 8:13 | ☘[4:20]☘Rolando Mota dl Kmpo · first_building Barracks |
| 8:50 | Cicdolfin · first_building Barracks |
| 9:10 | ☘ [4:20] ☘ Raperzinho11 · age_up feudal |
| 9:16 | ☘ [4:20] ☘ Raperzinho11 · first_building Archery Range |
| 9:41 | ☘[4:20]☘Rolando Mota dl Kmpo · age_up feudal |
| 10:37 | ☘ [4:20] ☘ Raperzinho11 · first_building Siege Workshop |
| 11:04 | Starrk · age_up feudal |
| 11:16 | Cicdolfin · age_up feudal |
| 11:17 | Cicdolfin · first_building Stable |
| 14:48 | Cicdolfin · age_up castle |
| 15:01 | Cicdolfin · first_building Siege Workshop |
| 15:24 | Starrk · age_up castle |
| 15:30 | Cicdolfin · resign |
[ AI ANALYSIS · 1 CREDIT ]
What really happened in this match?
Wolo.gg analyzes every decision: build order, eco, micro, common mistakes by bracket. Personalized analysis on WhatsApp or Discord in 30 seconds.
Civ guide
Khmer
Perfil
Jugador #10324749